 Dungeon Crawl Stone Soup version 0.28-a0-1412-gf95308ed99 (webtiles) character file.

Game seed: 17797326414468132991

18 parzival7114810 the Slasher (level 2, -4/19 HPs)
             Began as a Tengu Berserker on Jan 6, 2022.
             Was an Initiate of Uskayaw.
             Slain by an orc (8 damage)
             ... on level 3 of the Dungeon.
             The game lasted 00:04:20 (1627 turns).

parzival7114810 the Slasher (Tengu Berserker)       Turns: 1627, Time: 00:04:21

Health: -4/19      AC:  2    Str: 17    XL:     2   Next: 70%
Magic:  3/3        EV: 12    Int:  7    God:    Uskayaw [......]
Gold:   30         SH:  0    Dex: 13    Spells: 1/1 levels left

rFire   . . .      SeeInvis .   a - +0 falchion
rCold   . . .      Faith    .   (no shield)
rNeg    . . .      Spirit   .   b - +0 animal skin
rPois   .          Reflect  .   (helmet restricted)
rElec   .          Harm     .   (no cloak)
rCorr   .          Rampage  .   (no gloves)
Will    .....                   (boots unavailable)
Stlth   +.........              (no amulet)
HPRegen 0.06/turn               (no ring)
MPRegen 0.08/turn               (no ring)

@: confused
A: beak, talons 3
a: Renounce Religion


You were on level 3 of the Dungeon.
You worshipped Uskayaw.
Uskayaw was noncommittal.
You visited 1 branch of the dungeon, and saw 3 of its levels.

You collected 30 gold pieces.

Inventory:

Hand Weapons
 a - a +0 falchion (weapon)
Armour
 b - a +0 animal skin (worn)
 c - a +0 chain mail
Scrolls
 e - a scroll of noise
 f - 3 scrolls of amnesia {ur mom, unknown}
Potions
 d - 2 potions of heal wounds


   Skills:
 + Level 3.2 Fighting
 + Level 3.6 Long Blades
 + Level 2.5 Armour
 + Level 2.5 Dodging


You had one spell level left.
You didn't know any spells.
Your spell library was empty.

Dungeon Overview and Level Annotations

Branches:
Dungeon (3/15)

Altars:
Uskayaw


Innate Abilities, Weirdness & Mutations

You have a beak for a mouth.
You have claws for feet.


Message History

You have lost your religion!
Trog does not appreciate desertion!
Uskayaw welcomes you!
Okay, then.
There is a hide-covered altar of Uskayaw here.
You start waiting.
Done waiting.
There is a hide-covered altar of Uskayaw here.
Number of times to repeat, then command key: You must enter the number of times for the command to repeat.
You now have 30 gold pieces (gained 18).
You see here a quokka corpse.
The orc wizard shouts!
An orc comes into view. It is wielding a +0 flail.
The orc shouts!
An orc comes into view. It is wielding a +0 dagger.
The orc shouts!
The orc wizard points at you and mumbles some strange words.
The puff of flame misses you.
You see here a +0 whip.
An orc priest comes into view. It is wielding a +0 hand axe.
The orc wizard hits you with a +0 dagger.
An orc comes into view. It is wielding a +0 war axe.
The orc wizard hits you with a +0 dagger.
The orc priest shouts!
The orc shouts!
You hit the orc wizard but do no damage.
You peck the orc wizard.
The orc wizard is lightly wounded.
The orc priest calls down the wrath of Beogh upon you.
Beogh smites you!
Ouch! That really hurt!
* * * LOW HITPOINT WARNING * * *
The orc closely misses you.
The orc wizard points at you and mumbles some strange words.
You are confused.
You're too confused to move!
The orc hits you with a +0 dagger.
* * * LOW HITPOINT WARNING * * *
The orc closely misses you. The orc wizard misses you.
The orc hits you with a +0 flail!
You die...

######### #.
#........
#.##########.#######
####.............#
....o...######..#
#........# #..#
####...o..#.#####.#
####
#.......o.#.##..#<#
#...
#..o@........#.###.##
#....o....._.#......#
####....#....#......#
#.##.#†#..######.#
#.##...####.......
#.####.# ######.# #.#
#.#########.# #.#
#.>.........# #.#
#.#########.#


You could see an orc priest, an orc wizard and 3 orcs.

Vanquished Creatures
  A worm (D:2)
  A dart slug (D:2)
  2 ball pythons
  A bat (D:1)
  An endoplasm (D:2)
  A giant cockroach (D:1)
  A quokka (D:3)
  2 frilled lizards
  A kobold (D:2)
  3 rats
14 creatures vanquished.

Vanquished Creatures (others)
  A plant (D:2)
1 creature vanquished.

Grand Total: 15 creatures vanquished

Notes
Turn   | Place    | Note
-------+----------+-------------------------------------------
     0 | D:1      | parzival7114810 the Tengu Berserker began the quest for the
                  | Orb.
     0 | D:1      | Reached XP level 1. HP: 14/14 MP: 2/2
    98 | D:1      | Found a faded altar of an unknown god.
   491 | D:2      | Reached XP level 2. HP: 2/19 MP: 3/3
  1481 | D:3      | Found a hide-covered altar of Uskayaw.
  1496 | D:3      | Fell from the grace of Trog
  1496 | D:3      | Became a worshipper of Uskayaw the Reveller
  1627 | D:3      | Slain by an orc

Illustrated notes

Levels and vault maps discovered:
D:1:      eino_arrival_water_star, layout_rooms, ebering_ecumenical_altar_mist,
          minmay_misc_feat_enclosed, minmay_3d_cube
D:2:      layout_rooms, serial_bayou_crossing
D:3:      layout_loops_ring, mainiacjoe_overflow_alcove_1, serial_shops, shop,
          nicolae_shop_hallway_plus, shop, shop,
          nicolae_shop_bloodbath_and_beyond

Action                   || total
-------------------------++-------
Melee: Falchion          ||    27
       Kick              ||     5
       Peck              ||     3
Invok: Berserk           ||     2
  Use: Scroll            ||     2
Armor: Animal skin       ||     7
Dodge: Dodged            ||    27

Table legend: (Time is in decaauts)
 A = Elapsed time spent in this place.
 B = Non-inter-level travel time spent in this place.
 C = Inter-level travel time spent in this place.
 D = Time resting spent in this place.
 E = Time spent auto-exploring this place.
 F = Levels seen in this place.
 G = Mean time per level.
                   A        B        C        D        E       F      G
               +--------+--------+--------+--------+--------+-----+--------+
         Total |   1661 |   1661 |      0 |   1087 |      0 |   3 |  553.7 |
       Dungeon |   1661 |   1661 |      0 |   1087 |      0 |   3 |  553.7 |
               +--------+--------+--------+--------+--------+-----+--------+

Top non-repeatable levels by time:
     D:2: 864 daAuts
     D:1: 498 daAuts
     D:3: 298 daAuts
